 Dungeon Sprint DCSS version 0.16-a0-3946-g4f19e5c (webtiles) character file.

196 PolkaDot the Summoner (level 5, -1/35 HPs)
             Began as a Vampire Summoner on Feb 9, 2015.
             Splashed by a jelly's acid (11 damage)
             ... in the Dungeon (Sprint I: "Red Sonja").
             The game lasted 00:03:00 (721 turns).

PolkaDot the Summoner (Vampire Summoner)             Turns: 721, Time: 00:03:01

Health: -1/35      AC: -8    Str:  7    XL:     5   Next: 45%
Magic:  12/15      EV: 12    Int: 18    God:
Gold:   162        SH:  0    Dex: 14    Spells: 4 memorised, 4 levels left

rFire  . . .     SeeInvis +     (no weapon)
rCold  . . .     Clarity  .     a - +0 robe
rNeg   + . .     SustAb   .     (no shield)
rPois  .         Gourm    .     (no helmet)
rElec  .         Spirit   .     (no cloak)
rCorr  .         Warding  .     (no gloves)
rMut   .         NoTele   +     (no boots)
MR     .....                    (no amulet)
Stlth  ++........               (no ring)
                                (no ring)

@: corroded equipment, not resistant to hostile enchantments, unstealthy
A: bottle blood, fangs 3, see invisible, unbreathing
a: Bat Form


You were in the Dungeon.
You were not thirsty.

You visited 1 branch You collected 162 gold pieces.

Inventory:

Armour
 a - a +0 robe (worn)
Scrolls
 i - a scroll of blinking
Potions
 d - a potion of curing
 f - a potion of haste
 g - a potion of magic
Books
 b - a book of Callings

   Spells                             Type                      Level
   a - Summon Small Mammal            Summoning                    1
   b - Call Imp                       Summoning                    2
   c - Call Canine Familiar           Summoning                    3
   d - Summon Guardian Golem          Hexes/Summoning              4
   e - Summon Lightning Spire         Summoning/Air                4
   f - Summon Ice Beast               Ice/Summoning                4


   Skills:
 - Level 2.1 Dodging
 - Level 3.0 Stealth
 - Level 5.2 Spellcasting
 * Level 10.0 Summonings
 + Level 3.8 Ice Magic


You had 4 spell levels left.
You knew the following spells:

 Your Spells              Type           Power        Failure   Level  Hunger
d - Call Canine Familiar  Summ           #####...     1%          3    ##.....
i - Summon Ice Beast      Ice/Summ       ####....     10%         4    ####...
s - Call Imp              Summ           #####...     1%          2    #......
z - Summon Small Mammal   Summ           ####         1%          1    None


Dungeon Overview and Level Annotations

Branches:
Dungeon (1/1)

Altars:
Cheibriados
Dithmenos
Fedhas
Sif Muna
Vehumet
Jiyva


Innate Abilities, Weirdness & Mutations

You can bottle blood from corpses.
You have razor-sharp teeth.
You have supernaturally acute eyesight.
You can survive without breathing.


Message History

You start resting.
There is an open door here.
There is an open door here.
You open the door.
A jelly comes into view.
The jelly quivers.
The jelly moves out of view.
There is an open door here.
You see here 9 gold pieces.
The jelly barely misses you.
You see here a scroll labeled PAEHUCKATU.
Casting: Call Canine Familiar
Confirm with . or Enter, or press ? or * to list all spells.
The jelly hits you.
You are splashed with acid!
The acid corrodes your equipment!
The acid burns!
* * * LOW HITPOINT WARNING * * *
The jelly hits you.
* * * LOW HITPOINT WARNING * * *
You are splashed with acid!
The acid corrodes your equipment!
The acid burns!
You die...

###################
#<.#..'..#.)'..#__#
#..'..#..'..#..'..+
#..#####'#####'#__#
#).# #..# #$# ##
#..# #### ##h# #..#
#J@+ #⌠⌠# +..._#
#### #_.#+# ##+


You could see a jelly and a friendly wolf.

Vanquished Creatures (collateral kills)
  A slime creature (D)
  An ogre (D)
  Sigmund (D)
  Ijyb (D)
4 creatures vanquished.

Vanquished Creatures (others)
  A gargoyle (D)
  4 crimson imps (D)
  A shadow imp (D)
6 creatures vanquished.

Grand Total: 10 creatures vanquished

Notes
Turn   | Place    | Note
--------------------------------------------------------------
     0 | D        | PolkaDot, the Vampire Summoner, began the quest for the Orb.
     0 | D        | Reached XP level 1. HP: 13/13 MP: 3/3
     3 | D        | Noticed Ijyb
    31 | D        | Killed Ijyb
    31 | D        | Reached skill level 5 in Summonings
    31 | D        | Reached XP level 2. HP: 4/19 MP: 1/6
   277 | D        | Learned a level 2 spell: Call Imp
   285 | D        | Noticed an ogre
   302 | D        | Killed an ogre
   302 | D        | Reached skill level 6 in Summonings
   302 | D        | Reached XP level 3. HP: 24/24 MP: 6/9
   342 | D        | Noticed Sigmund
   357 | D        | Killed Sigmund
   357 | D        | Reached skill level 5 in Spellcasting
   357 | D        | Reached skill level 8 in Summonings
   357 | D        | Reached XP level 4. HP: 27/30 MP: 4/13
   464 | D        | Killed a gargoyle
   465 | D        | Learned a level 3 spell: Call Canine Familiar
   470 | D        | Learned a level 4 spell: Summon Ice Beast
   481 | D        | Found a snail-covered altar of Cheibriados.
   481 | D        | Found a viscous altar of Jiyva.
   481 | D        | Found a shadowy altar of Dithmenos.
   481 | D        | Found a blossoming altar of Fedhas.
   481 | D        | Noticed a slime creature
   509 | D        | Killed a slime creature
   509 | D        | Reached skill level 10 in Summonings
   509 | D        | Reached XP level 5. HP: 3/35 MP: 2/15
   716 | D        | Found a deep blue altar of Sif Muna.
   717 | D        | Noticed a jelly
   718 | D        | Found a radiant altar of Vehumet.
   721 | D        | Splashed by a jelly's acid

Action                   |  1- 3 |  4- 6 || total
-------------------------+-------+-------++-------
Melee: Unarmed           |    26 |     3 ||    29
 Cast: Summon Small Mamm |     3 |       ||     3
       Call Imp          |     7 |     4 ||    11
       Call Canine Famil |       |     3 ||     3
  Use: Potion            |     4 |       ||     4
  Eat: Corpse            |     1 |       ||     1
